 Dungeon Crawl Stone Soup version 0.32-a0-928-g1cae6b7ea0 (webtiles) character file.

Game seed: 17686616500118504364

210425 croobank the Thanatomancer (level 18, -14/93 HPs)
             Began as a Felid Summoner on Apr 11, 2024.
             Was the Champion of Jiyva.
             Demolished by a wolf spider (20 damage)
             ... on level 4 of the Spider Nest on Apr 12, 2024.
             The game lasted 04:05:35 (36536 turns).

croobank the Thanatomancer (Felid Summoner)        Turns: 36536, Time: 04:05:36

Health: -14/93     AC:  5    Str:  9    XL:     18   Next: 56%
Magic:  36/47      EV: 24    Int: 26    God:    Jiyva [******]
Gold:   539        SH:  0    Dex: 16    Spells: 7/45 levels left
                                        Lives:  0   Deaths: 6

rFire   + . .        (weapon unavailable)
rCold   + . .        (shield unavailable)
rNeg    + . .        (body armour unavailable)
rPois   +            (helmet unavailable)
rElec   .            (cloak unavailable)
rCorr   +            (gloves unavailable)
SInv    +            (boots unavailable)
Will    +++..        k - amulet of magic regeneration
Stlth   ++++         O - ring "Viatuwn" {rPois rF+ Will+ Str+3}
HPRegen 1.95/turn    g - ring of positive energy
MPRegen 1.50/turn

%: clarity
@: beast-form, animating dead
A: beast (slay +0), very small, claws 2, fangs 3, see invisible, shaggy fur 3,
stealthy paws, no weapons or thrown items, no armour, multi-lived, clarity, high
MP 3, gelatinous body 2, engulf
a: Begin Untransformation, Renounce Religion, Oozemancy, Slimify


You were on level 4 of the Spider Nest.
You worshipped Jiyva.
Jiyva was exalted by your worship.
You were a hulking beast.
You visited 6 branches of the dungeon, and saw 32 of its levels.
You also visited: Bailey.

You collected 2151 gold pieces.
You spent 1612 gold pieces at shops.

Inventory:

Jewellery
 c - a ring of wizardry
 g - a ring of positive energy (right paw)
 i - a ring of positive energy
 k - an amulet of magic regeneration (around neck)
 p - a ring of protection from cold
 v - the ring of Jealousy {rElec rF+ rC+ rCorr Dex+6}
   (You found it on level 8 of the Dungeon)

   [ring of dexterity]

   Dex+6:     It affects your dexterity (+6).
   rF+:       It protects you from fire.
   rC+:       It protects you from cold.
   rElec:     It insulates you from electricity.
   rCorr:     It protects you from acid and corrosion.
 y - a ring of protection from cold
 B - a ring of poison resistance
 F - a ring of protection from cold
 H - the ring of Circularity {*Slow rPois rN++ rCorr Str+6}
   (You found it on level 14 of the Dungeon)

   [ring of strength]

   Str+6:     It affects your strength (+6).
   rPois:     It protects you from poison.
   rN++:      It greatly protects you from negative energy.
   rCorr:     It protects you from acid and corrosion.
   *Slow:     It may slow you when you take damage.
 K - a ring of wizardry
 O - the ring "Viatuwn" (left paw) {rPois rF+ Will+ Str+3}
   (You bought it in a shop on level 2 of the Orcish Mines)

   [ring of protection from fire]

   Str+3:     It affects your strength (+3).
   rF+:       It protects you from fire.
   rPois:     It protects you from poison.
   Will+:     It increases your willpower.
 P - a ring of protection from fire
 S - a ring of protection from fire
Talismans
 J - a beast talisman (active)
Wands
 o - a wand of flame (26)
 s - a wand of mindburst (6)
 D - a wand of polymorph (8)
Scrolls
 a - 3 scrolls of poison
 b - 10 scrolls of teleportation
 d - 2 scrolls of noise
 e - 5 scrolls of amnesia
 l - 8 scrolls of fear
 q - 2 scrolls of immolation
 r - 2 scrolls of fog
 w - 3 scrolls of vulnerability
 I - a scroll of torment
 Q - a scroll of identify
Potions
 f - 4 potions of curing
 h - 4 potions of lignification
 j - 4 potions of haste
 m - 3 potions of mutation
 n - 4 potions of attraction
 x - 2 potions of enlightenment
 z - 2 potions of resistance
 A - 2 potions of cancellation
 L - a potion of ambrosia
 M - 2 potions of degeneration {unknown}
 R - a potion of brilliance {unknown}
Miscellaneous
 t - a phial of floods (inert)
 G - a sack of spiders (inert)


   Skills:
 - Level 10.0 Fighting
 - Level 10.0 Dodging
 - Level 10.0 Stealth
 - Level 14.0 Spellcasting
 - Level 5.0 Hexes
 - Level 14.0 Summonings
 * Level 21.2 Necromancy
 - Level 5.0 Fire Magic
 - Level 7.0 Air Magic


You had 7 spell levels left.
You knew the following spells:

 Your Spells              Type           Power      Damage    Failure   Level
a - Summon Small Mammal   Summ           100%       N/A       0%          1
c - Call Canine Familiar  Summ           74%        N/A       1%          3
d - Summon Blazeheart Go  Fire/Summ      61%        N/A       1%          4
e - Summon Lightning Spi  Summ/Air       64%        N/A       1%          4
h - Summon Cactus Giant   Summ           37%        N/A       1%          6
A - Animate Dead          Necr           91%        N/A       0%          4
H - Haunt                 Necr/Summ      41%        N/A       1%          7
N - Anguish               Hex/Necr       36%        N/A       1%          4
V - Borgnjor's Vile Clut  Necr/Erth      32%        N/A       1%          5

Your spell library contained the following spells:

 Spells                   Type           Power      Damage    Failure   Level
 Necrotise                Necr           100%       1d9       0%          1
 Call Imp                 Summ           100%       N/A       0%          2
 Fugue of the Fallen      Necr           91%        N/A       0%          3
 Vampiric Draining        Necr           91%        2d12      0%          3
 Dispel Undead            Necr           91%        3d29      0%          4
 Curse of Agony           Necr           91%        N/A       0%          5
 Kiss of Death            Conj/Necr      100%       2d13      1%          1
 Cigotuvi's Dreadful Rot  Necr/Alch/Air  100%       N/A       1%          2
 Mercury Vapours          Alch/Air       72%        N/A       1%          2
 Scorch                   Fire           88%        2d8       1%          2
 Confusing Touch          Hex            44%        N/A       1%          3
 Inner Flame              Hex/Fire       44%        N/A       1%          3
 Sigil of Binding         Hex            44%        N/A       1%          3
 Martyr's Knell           Necr/Summ      83%        N/A       1%          4
 Apportation              Tloc           36%        N/A       3%          1
 Sandblast                Erth           36%        2d10      3%          1
 Sting                    Conj/Alch      72%        1d7       3%          1
 Dazzling Flash           Conj/Hex       62%        N/A       3%          3
 Mephitic Cloud           Conj/Alch/Air  30%        N/A       3%          3
 Silence                  Hex/Air        24%        N/A       7%          5
 Ozocubu's Armour         Ice            18%        N/A       9%          3
 Stone Arrow              Conj/Erth      36%        3d9       9%          3
 Flame Wave               Conj/Fire      31%        2d9       11%         4
 Brom's Barrelling Bould  Conj/Erth      18%        2d4       30%         4
 Olgreb's Toxic Radiance  Alch           18%        N/A       30%         4
 Passage of Golubria      Tloc           18%        N/A       30%         4
 Irradiate                Conj/Alch      9%         3d14      63%         5
 Lee's Rapid Deconstruct  Erth           9%         3d7*      63%         5
 Manifold Assault         Tloc           9%         N/A       100%        7
 Borgnjor's Revivificati  Necr           45%        N/A       3%          8
 Infestation              Necr           45%        N/A       3%          8
 Death's Door             Necr           45%        N/A       45%         9
 Ignition                 Fire           22%        3d8       100%        8
 Lehudib's Crystal Spear  Conj/Erth      9%         10d4      100%        8
 Animate Armour           Summ/Erth      Unusable   N/A       N/A         4
 Dimensional Bullseye     Hex/Tloc       Unusable   N/A       N/A         4

Dungeon Overview and Level Annotations

Branches:
Dungeon (15/15)            Temple (1/1) D:7            Lair (5/5) D:9
 Shoals (0/4) Lair:2       Spider (4/4) Lair:3        Slime (5/5) Lair:5
    Orc (2/2) D:9             Elf (0/3) Orc:2        Vaults (0/5) D:14
 Depths (0/4) D:15         Bailey (visited)

Altars:
Ashenzari
Cheibriados
Dithmenos
Elyvilon
Fedhas
Gozag
Hepliaklqana
Kikubaaqudgha
Makhleb
Nemelex Xobeh
Okawaru
Qazlal
Ru
Sif Muna
Trog
Uskayaw
Vehumet
Wu Jian
Xom
Yredelemnul
Zin
The Shining One
Beogh
Jiyva

Shops:
D:11 *[   Orc:1 *!   Orc:2 (=(=

Portals:
Trove: D:11 (give 17 scrolls of teleportation)

Annotations:
D:9 2 transporters, scarr's ghost, novice FeSh
D:13 3 transporters
Slime:5 Royal Jelly


Innate Abilities, Weirdness & Mutations

You are a hulking beast.
Your limbs bulge with bestial killing power. (Slay +0)
You have sharp claws.
You have razor-sharp teeth.
You have supernaturally acute eyesight. (SInv)
Your thick and shaggy fur keeps you warm. (AC +3, rC+)
Your paws help you pounce on unaware monsters.
You are incapable of wielding weapons or throwing items.
You cannot wear armour.
You gain extra lives every three experience levels.
You possess an exceptional clarity of mind.
You have a greatly increased reservoir of magic. (+30% MP)
Your pliable body absorbs attacks. (AC +2, EV +2)
Your melee attacks may engulf your foes in ooze.


Message History

The wolf spider is wracked by anguish.
The wolf spider completely misses you. The jumping spider pounces on you.
You are caught in a web!
The jumping spider is wracked by anguish.
The jumping spider misses you.
The jumping spider leaps!
The jumping spider pounces on you but does no damage.
The jumping spider bites you but does no damage.
Your freezing wraith closely misses the wolf spider.
Your freezing wraith hits the wolf spider!
Your freezing wraith drains the wolf spider's vigour!
The wolf spider seems to slow down.
Your wraith hits the wolf spider!
Your phantasmal warrior closely misses the wolf spider.
The wolf spider misses you. The wolf spider barely misses you.
The wolf spider misses you. The wolf spider completely misses you.
The jumping spider pounces on you but does no damage.
The jumping spider misses you.
The jumping spider leaps!
The jumping spider completely misses you.
The jumping spider closely misses you.
The wolf spider hits you but does no damage.
The wolf spider misses you. The wolf spider hits you!
The wolf spider is wracked by anguish!
The wolf spider completely misses you.
The jumping spider leaps!
The jumping spider pounces on you!
You are caught in a web!
The jumping spider is wracked by anguish!
The jumping spider bites you but does no damage.
The jumping spider barely misses you.
The jumping spider bites you but does no damage.
Your wraith hits the redback.
Your wraith drains the redback's vigour!
The redback seems to slow down.
Your phantasmal warrior barely misses the redback.
Your freezing wraith misses the wolf spider.
Your freezing wraith hits the wolf spider but does no damage.
Your wraith closely misses the redback.
The wolf spider hits you!!
* * * LOW HITPOINT WARNING * * *
The wolf spider is wracked by anguish!!
The wolf spider bites you!
* * * LOW HITPOINT WARNING * * *
The wolf spider is wracked by anguish!
The wolf spider hits you!!
You die...
Jiyva sends a jelly to digest your remains.

........#..s.s.
......... .....
.......s......#
.^.....°.......
.....W.s#^.....
. ...Wss..[...#
(...#Wssss....^
.....9shs°.....
....#.Ws°..[...
. ........##...
....#.....# #
... ....^## ..
.....## #
.....!#
.......#


You could see 4 wolf spiders, an orb spider (wandering), 4 jumping spiders, 2
tarantellas, 2 redbacks, a friendly phantasmal warrior (summoned), a friendly
freezing wraith (summoned), a friendly blazeheart golem (summoned, paralysed)
and 2 friendly wraiths.

Vanquished Creatures
  4 acid blobs
  2 rockslimes
  An azure jelly (Slime:1)
  An emperor scorpion (Spider:3)
  A quicksilver ooze (Slime:2)
  An entropy weaver (Spider:3)
  A catoblepas (Lair:5)
  A radroach (Spider:1)
  4 hydras
  4 death yaks (Lair:5)
  A boulder beetle (D:14)
  2 two-headed ogres (D:11)
  2 demonic crawlers
  A deep troll shaman (Lair:5)
  A skyshark (Lair:5)
  A steelbarb worm (Spider:3)
  Pikel (D:8)
  A necromancer (Lair:3)
  An ugly thing zombie (D:14)
  2 ugly things
  A cyclops (D:12)
  An orc sorcerer (Orc:2)
  4 wolf spiders
  An elephant (Lair:5)
  Joseph (D:8)
  3 gargoyles
  A cane toad (Lair:3)
  A komodo dragon (D:12)
  A redback zombie (Spider:3)
  3 kobold demonologists (D:11)
  A tengu conjurer (D:11)
  A demonic crawler zombie (Spider:2)
  2 orb spider zombies
  A polar bear (Lair:1)
  3 trolls
  5 tarantellas (Spider:3)
  2 culicivora zombies
  2 jumping spiders
  9 yaks
  16 slime creatures
  A wyvern (D:9)
  A vampire (D:9)
  3 culicivoras
  3 wargs (Orc:2)
  A water elemental (Lair:2)
  Grum (D:8)
  A basilisk (D:13)
  5 redbacks
  3 vampire mosquitoes (D:11)
  Edmund (D:4)
  4 water moccasins
  2 nameless horrors
  A sky beast (D:6)
  3 orc warriors
  2 wolves
  An ogre (D:5)
  An elephant zombie (Lair:5)
  2 lemures (D:8)
  A torpor snail zombie (Spider:3)
  A phantom (D:7)
  3 kobold brigands
  3 scorpions
  A bullfrog (Lair:3)
  A gnoll sergeant (D:9)
  2 cyclops zombies
  2 wights (D:9)
  2 wolf zombies (Bailey)
  A hound (D:7)
  2 orc wizards
  A yak simulacrum (Lair:3)
  2 polar bear simulacra (Lair:3)
  A wolf simulacrum (Lair:3)
  A hell rat zombie (Lair:2)
  3 gnolls
  An adder (D:6)
  A dart slug (D:1)
  5 orcs
  2 endoplasms (D:2)
  2 hobgoblins
  A jackal (D:7)
  A ball python (D:2)
  A frilled lizard (D:2)
  3 kobolds (D:1)
  7 orc zombies
  2 rats (D:2)
  A river rat simulacrum (Lair:3)
182 creatures vanquished.

Vanquished Creatures (collateral kills)
  Dissolution (Slime:4)
  Gastronok (D:8)
  12 acid blobs
  The ghost of Oroqousi the Earth Mage, an adept GrEE of Gozag (Spider:3)
  Roxanne (D:15)
  8 azure jellies
  Donald (Spider:3)
  7 rockslimes
  2 ghost moths (Spider:2)
  8 quicksilver oozes
  7 formless jellyfish
  A dire elephant (D:15)
  A fire dragon (D:14)
  2 hydras
  2 great orbs of eyes
  A jorogumo (Spider:1)
  A radroach (Spider:2)
  3 centaur warriors
  3 boulder beetles
  5 demonic crawlers
  3 orc high priests
  2 tengu warriors
  Sonja (Orc:2)
  A pharaoh ant (Spider:2)
  A skyshark (Lair:5)
  A ghost moth zombie (Spider:2)
  5 orb spiders
  A glowing orange brain (Slime:5)
  3 steelbarb worms (Spider:2)
  A harpy (shapeshifter) (D:13)
  5 deep elf pyromancers
  3 necromancers (D:14)
  2 wolf spider zombies
  7 shining eyes
  6 orc sorcerers
  8 ugly things
  4 manticores
  4 wolf spiders
  5 cyclopes
  5 elephants (Lair:5)
  A centaur zombie (D:13)
  A salamander (D:15)
  An ice statue (D:8)
  A moth of wrath (Spider:2)
  A meliai (D:14)
  4 cane toads
  3 kobold blastminers
  A gargoyle (D:14)
  3 torpor snails
  An eye of devastation (Slime:1)
  Jeremiah (D:8)
  An orb spider zombie (Spider:2)
  3 rime drakes
  A human zombie (Spider:3)
  2 komodo dragons
  An efreet (D:15)
  A kobold demonologist (D:10)
  2 redback zombies (Spider:1)
  A freezing wraith (D:14)
  A tengu conjurer (D:13)
  3 polar bears
  A hornet (Lair:3)
  4 trolls
  4 tarantellas
  16 blink frogs
  12 dream sheep
  Grinder (D:4)
  5 jumping spiders
  A culicivora zombie (Spider:2)
  A tarantella zombie (Spider:2)
  71 slime creatures
  A glass eye (Slime:5)
  A centaur simulacrum (D:14)
  5 culicivoras
  2 shadows
  2 water elementals
  2 basilisks
  A vampire (Bailey)
  3 wyverns
  19 yaks
  A wraith (D:10)
  5 golden eyes
  2 wargs (Orc:2)
  18 redbacks
  4 vampire mosquitoes
  An acid dragon (D:14)
  7 water moccasins
  A sky beast (D:7)
  3 ice beasts
  2 black bears
  6 orc warriors
  5 ogres
  13 wolves
  A centaur (D:5)
  4 kobold brigands
  A komodo dragon zombie (D:13)
  2 phantoms (D:5)
  A cyclops zombie (D:13)
  9 bullfrogs
  6 gnoll sergeants
  A scorpion (Lair:3)
  3 wights (D:9)
  6 howler monkeys
  7 vampire bats (Bailey)
  An electric eel (D:15)
  A bombardier beetle (D:5)
  5 wolf zombies (Bailey)
  4 nameless horrors
  14 orc priests
  4 hounds
  2 gnoll boudas (D:7)
  7 jellies
  5 iguanas
  A sleepcap (D:4)
  10 orc wizards
  3 hell rats (Lair:2)
  2 yak simulacra (Lair:3)
  A polar bear simulacrum (Lair:3)
  2 wolf simulacra (Lair:3)
  18 orc zombies
  36 gnolls
  2 river rats (Lair:3)
  9 adders
  2 shadow imps
  A white imp (D:7)
  A dart slug (D:1)
  4 ribbon worms
  76 orcs
  4 bats
  9 endoplasms
  4 giant cockroaches
  9 goblins
  4 hobgoblins
  6 jackals
  17 kobolds
  3 quokkas
  5 ball pythons
  2 frilled lizards
  7 rats
  A river rat simulacrum (Lair:3)
  A butterfly (D:10)
714 creatures vanquished.

Vanquished Creatures (others)
  12 acid blobs
  10 azure jellies
  4 rockslimes
  9 quicksilver oozes
  A very ugly thing (D:15)
  6 formless jellyfish
  2 rockslime zombies
  7 acid blob zombies
  Snorg (D:14)
  A hydra (Lair:3)
  A great orb of eyes (Slime:5)
  2 radroaches
  3 two-headed ogres
  5 centaur warriors
  A boulder beetle (D:15)
  A tengu warrior (D:11)
  4 azure jelly zombies
  A death yak (Lair:5)
  6 quicksilver ooze zombies
  4 orc high priests (Orc:2)
  3 pharaoh ants
  A skyshark (Lair:4)
  3 orb spiders
  A harpy (shapeshifter) (D:14)
  A lindwurm (Lair:5)
  A steelbarb worm (Spider:3)
  3 wolf spider zombies
  7 ugly thing zombies
  A deep elf pyromancer (D:14)
  5 wolf spiders
  2 cyclopes
  An orc sorcerer (Orc:2)
  2 orc knights
  5 ugly things
  A manticore (D:12)
  7 elephants (Lair:5)
  3 meliai (Spider:3)
  A black mamba (Lair:5)
  A kobold blastminer (Orc:2)
  3 formless jellyfish zombies (Slime:5)
  4 cane toads
  A steelbarb worm zombie (Spider:2)
  6 komodo dragons
  A freezing wraith (D:14)
  2 rime drakes
  2 efreet (D:14)
  9 redback zombies
  A troll (D:14)
  2 hydra zombies
  A great orb of eyes zombie (Slime:5)
  4 tarantellas
  3 jumping spiders
  A fire dragon zombie (D:14)
  A polar bear (Lair:5)
  A snapping turtle (Lair:2)
  A culicivora zombie (Spider:1)
  7 blink frogs
  3 tarantella zombies (Spider:3)
  2 jumping spider zombies
  2 dream sheep
  A boulder beetle zombie (D:14)
  A radroach zombie (Spider:1)
  38 slime creatures
  3 culicivoras
  A black mamba zombie (Lair:5)
  9 yaks
  11 redbacks
  5 wargs
  21 slime creature zombies
  A basilisk (Lair:2)
  A human zombie (D:14)
  A water moccasin (Lair:4)
  A cane toad zombie (Lair:4)
  A sky beast (shapeshifter) (D:14)
  5 orc warriors
  A black bear (Lair:5)
  6 blink frog zombies
  An elephant zombie (Lair:5)
  An elf zombie (D:12)
  A manticore zombie (D:15)
  2 centaurs (D:13)
  A rime drake zombie (Lair:5)
  A komodo dragon zombie (Lair:2)
  A water moccasin zombie (Lair:4)
  A cyclops zombie (D:13)
  3 warg zombies (Orc:2)
  41 jellies
  2 tengu zombies
  2 yak zombies (Lair:1)
  5 wolf zombies
  2 electric eels
  A bullfrog zombie (Lair:3)
  6 orc priests (Orc:2)
  2 centaur zombies
  A kobold zombie (D:10)
  A hell rat (Lair:2)
  3 orc wizards
  An ogre zombie (Orc:1)
  3 hell rat zombies (Lair:2)
  2 gnoll zombies (D:10)
  5 orcs
  A river rat zombie (Lair:3)
  38 orc zombies
  120 blazeheart cores
542 creatures vanquished.

Grand Total: 1438 creatures vanquished

Notes
Turn   | Place    | Note
-------+----------+-------------------------------------------
     0 | D:1      | croobank the Felid Summoner began the quest for the Orb.
     0 | D:1      | Reached XP level 1. HP: 9/9 MP: 4/4
   159 | D:1      | Reached XP level 2. HP: 13/13 MP: 1/6
   220 | D:1      | Learned a level 2 spell: Call Imp
   430 | D:1      | Reached XP level 3. HP: 16/16 MP: 5/7
   436 | D:1      | Learned a level 3 spell: Call Canine Familiar
   513 | D:1      | You fall into a shaft and drop 1 floor!
   910 | D:1      | Noticed a nameless horror
   935 | D:1      | Killed a nameless horror
  1585 | D:2      | Reached XP level 4. HP: 21/21 MP: 9/9
  1585 | D:2      | Gained a life (2 lives remaining)
  2781 | D:3      | Found a shadowy altar of Dithmenos.
  2819 | D:3      | Reached XP level 5. HP: 21/25 MP: 6/10
  3035 | D:3      | Reached skill level 1 in Fighting
  3445 | D:2      | Learned a level 4 spell: Summon Blazeheart Golem
  3463 | D:3      | Slain by a gnoll
  3463 | D:3      | Lost a life (1 life remaining)
  3824 | D:3      | Reached skill level 1 in Fire Magic
  3912 | D:4      | Noticed Edmund
  3912 | D:4      | Noticed Grinder
  3918 | D:4      | Paralysed by Grinder for 3 turns
  3931 | D:4      | Killed by an exploding blazeheart core
  3931 | D:4      | Lost a life (0 lives remaining)
  3931 | D:4      | Killed Edmund
  3932 | D:4      | Gained mutation: You are covered in thick fur. (AC +2)
                  | [Felid growth]
  3932 | D:4      | Reached XP level 6. HP: 30/30 MP: 11/11
  3947 | D:4      | Paralysed by Grinder for 5 turns
  3962 | D:4      | Killed Grinder
  3963 | D:4      | Reached skill level 5 in Dodging
  3963 | D:4      | Reached skill level 5 in Stealth
  3963 | D:4      | Reached skill level 5 in Summonings
  3963 | D:4      | Reached XP level 7. HP: 14/35 MP: 4/13
  3963 | D:4      | Gained a life (1 life remaining)
  5046 | D:5      | Entered Level 5 of the Dungeon
  5047 | D:5      | Noticed a nameless horror
  5056 | D:4      | Killed a nameless horror
  5351 | D:5      | Noticed a nameless horror
  5360 | D:4      | Killed a nameless horror
  5737 | D:5      | Reached XP level 8. HP: 40/40 MP: 8/14
  6240 | D:5      | Identified the +6 mace "Glorpo" {venom, *Noise Str+4}
  6250 | D:5      | Noticed a nameless horror
  6643 | D:5      | Learned a level 4 spell: Summon Lightning Spire
  6908 | D:5      | HP: 1/40 [nameless horror[miscasting Summon Blazeheart
                  | Golem] (11)]
  7384 | D:5      | Killed a nameless horror
  7606 | D:6      | Reached skill level 1 in Air Magic
  7855 | D:6      | Reached XP level 9. HP: 45/45 MP: 16/16
  8231 | D:7      | Reached skill level 5 in Fire Magic
  8302 | D:7      | Found a staircase to the Ecumenical Temple.
  8364 | Temple   | Entered the Ecumenical Temple
  8371 | Temple   | Became a worshipper of Kikubaaqudgha
  8590 | D:7      | Reached skill level 5 in Spellcasting
  8823 | D:7      | Reached * piety under Kikubaaqudgha
  8823 | D:7      | Received a gift from Kikubaaqudgha
  8837 | D:7      | Learned a level 4 spell: Animate Dead
  8916 | D:8      | Noticed Grum
  8931 | D:8      | Slain by a wolf
  8931 | D:8      | Lost a life (0 lives remaining)
  8932 | D:8      | Found a basalt altar of Yredelemnul.
  8959 | D:8      | Reached skill level 1 in Necromancy
  9079 | D:8      | Noticed Gastronok
  9086 | D:8      | Killed Grum
  9095 | D:8      | Reached skill level 5 in Fighting
  9095 | D:8      | Reached skill level 2 in Necromancy
  9123 | D:8      | Killed Gastronok
  9124 | D:8      | Reached skill level 3 in Necromancy
  9124 | D:8      | Reached XP level 10. HP: 16/51 MP: 7/19
  9124 | D:8      | Gained a life (1 life remaining)
  9279 | D:8      | Noticed Joseph
  9295 | D:8      | Killed Joseph
  9553 | D:8      | Found a sparkling altar of Nemelex Xobeh.
  9577 | D:8      | Noticed an ice statue
  9743 | D:8      | Found a white marble altar of Elyvilon.
  9859 | D:8      | Reached skill level 4 in Necromancy
  9898 | D:8      | Noticed Pikel
  9904 | D:8      | Noticed Jeremiah
  9913 | D:8      | Killed Pikel
  9926 | D:8      | Killed Jeremiah
 10155 | D:8      | Identified the ring of Jealousy {rElec rF+ rC+ rCorr Dex+6}
 10484 | D:8      | Killed an ice statue
 10759 | D:9      | Noticed a moth of wrath
 10867 | D:9      | Found a transporter.
 10871 | D:9      | Found an ornate altar of the Wu Jian Council.
 10872 | D:9      | Found a stormy altar of Qazlal.
 10890 | D:9      | Found a staircase to the Lair.
 10911 | D:9      | Found a transporter.
 10921 | D:9      | Noticed scarr's ghost (novice FeSh)
 11009 | D:9      | Reached skill level 5 in Necromancy
 11043 | D:9      | Reached ** piety under Kikubaaqudgha
 11119 | D:9      | Reached XP level 11. HP: 53/56 MP: 19/21
 11208 | D:9      | Found a staircase to the Orcish Mines.
 11894 | D:10     | Entered Level 10 of the Dungeon
 11917 | D:10     | Reached skill level 10 in Stealth
 12208 | D:10     | Found a flagged portal.
 12233 | Bailey   | Entered a bailey
 12319 | Bailey   | Reached *** piety under Kikubaaqudgha
 12319 | Bailey   | Received a gift from Kikubaaqudgha
 12325 | Bailey   | Learned a level 4 spell: Anguish
 12544 | Bailey   | Reached skill level 1 in Hexes
 12868 | Bailey   | Identified the +0 cloak "Hiasoa" {*Corrode rC++ Regen+
                  | Dex+5}
 12869 | Bailey   | Identified the +0 scale mail "Ituomily" {Dex+3}
 13027 | D:10     | Found a shimmering altar of Xom.
 13074 | D:10     | Reached skill level 6 in Necromancy
 13818 | D:11     | Reached skill level 5 in Air Magic
 13831 | D:11     | Reached **** piety under Kikubaaqudgha
 13839 | D:11     | Noticed a two-headed ogre
 13840 | D:11     | Noticed a sun demon
 13848 | D:11     | Killed a two-headed ogre
 13849 | D:11     | Reached skill level 10 in Dodging
 13946 | D:11     | Reached skill level 7 in Necromancy
 13963 | D:11     | Noticed a boulder beetle
 13970 | D:11     | Killed a boulder beetle
 14072 | D:11     | Noticed a two-headed ogre
 14081 | D:11     | Killed a two-headed ogre
 14082 | D:11     | Gained mutation: Your thick and shaggy fur keeps you warm.
                  | (AC +3, rC+) [Felid growth]
 14082 | D:11     | Reached XP level 12. HP: 63/63 MP: 15/23
 14158 | D:11     | Found Ruoth's Antique Armour Emporium.
 14193 | D:11     | Noticed a tengu warrior
 14220 | D:11     | Killed a tengu warrior
 14340 | D:11     | Found Weth's Fire Supplies.
 14347 | D:11     | Bought a scroll of immolation for 60 gold pieces
 14347 | D:11     | Bought a ring of fire for 375 gold pieces
 14537 | D:11     | Found a portal to a secret trove of treasure.
 15229 | D:12     | Reached skill level 5 in Hexes
 15358 | D:12     | Reached skill level 8 in Necromancy
 16372 | D:12     | Noticed a boulder beetle
 16391 | D:12     | Killed a boulder beetle
 16654 | Lair:1   | Entered Level 1 of the Lair of Beasts
 16876 | Lair:1   | Reached skill level 9 in Necromancy
 17850 | Lair:2   | Noticed an eight-headed hydra
 17863 | Lair:2   | Killed an eight-headed hydra
 17977 | Lair:2   | Reached XP level 13. HP: 68/69 MP: 21/26
 17977 | Lair:2   | Gained a life (2 lives remaining)
 18052 | Lair:2   | Found a staircase to the Shoals.
 18144 | Lair:2   | Found a blossoming altar of Fedhas.
 18972 | Lair:3   | Reached ***** piety under Kikubaaqudgha
 19248 | Lair:3   | Reached skill level 10 in Necromancy
 19354 | Lair:3   | Found a hole to the Spider Nest.
 20363 | Lair:4   | Reached skill level 10 in Summonings
 20685 | Lair:4   | Reached skill level 11 in Necromancy
 21299 | Lair:5   | Entered Level 5 of the Lair of Beasts
 21721 | Lair:5   | Reached XP level 14. HP: 69/76 MP: 14/28
 21964 | Lair:5   | Found a viscous altar of Jiyva.
 22101 | Lair:5   | Reached skill level 12 in Necromancy
 22123 | Lair:5   | Reached skill level 10 in Fighting
 22564 | Lair:5   | Reached ****** piety under Kikubaaqudgha
 23487 | Lair:5   | Reached skill level 10 in Spellcasting
 23505 | Lair:5   | Received a gift from Kikubaaqudgha (forbidden knowledge)
 23611 | Lair:5   | Found a staircase to the Slime Pits.
 23799 | Orc:1    | Entered Level 1 of the Orcish Mines
 23806 | Orc:1    | Reached skill level 13 in Necromancy
 23807 | Orc:1    | Found Tuewnott's Distillery.
 23838 | Orc:1    | Found Xeetros's Assorted Antiques.
 23863 | Orc:1    | Bought a potion of experience for 600 gold pieces
 23872 | Orc:1    | Learned a level 7 spell: Haunt
 23879 | Orc:1    | Learned a level 6 spell: Summon Cactus Giant
 23939 | Orc:1    | Found a roughly hewn altar of Beogh.
 24032 | Orc:1    | Found a roughly hewn altar of Beogh.
 24364 | Orc:2    | Entered Level 2 of the Orcish Mines
 24364 | Orc:2    | Found a staircase to the Elven Halls.
 24640 | Orc:2    | Upgraded the game from 0.32-a0-918-g0f22ef8d61 to
                  | 0.32-a0-928-g1cae6b7ea0
 24888 | Orc:2    | Reached skill level 14 in Necromancy
 24888 | Orc:2    | Reached XP level 15. HP: 36/78 MP: 13/30
 25356 | Orc:2    | Found Qegha's Weapon Shop.
 25358 | Orc:2    | Found Yghas's Jewellery Boutique.
 25564 | Orc:2    | Noticed Sonja
 25566 | Orc:2    | Killed Sonja
 25676 | Orc:2    | Found Kipaigah's Weapon Shop.
 25698 | Orc:2    | Found Higarob's Jewellery Boutique.
 25704 | Orc:2    | Bought the ring "Viatuwn" {rPois rF+ Will+ Str+3} for 577
                  | gold pieces
 25916 | Orc:2    | Found a roughly hewn altar of Beogh.
 26113 | Slime:1  | Entered Level 1 of the Pits of Slime
 26113 | Slime:1  | Noticed a rockslime
 26126 | Slime:1  | Killed a rockslime
 26148 | Slime:1  | Noticed an azure jelly
 26154 | Slime:1  | Killed an azure jelly
 26156 | Slime:1  | Reached XP level 16. HP: 85/85 MP: 20/32
 26172 | Slime:1  | Noticed an acid blob
 26173 | Slime:1  | Noticed an acid blob
 26175 | Slime:1  | Noticed an acid blob
 26196 | Slime:1  | Killed an acid blob
 26198 | Slime:1  | Killed an acid blob
 26199 | Slime:1  | Reached skill level 15 in Necromancy
 26204 | Slime:1  | Killed an acid blob
 26255 | Slime:1  | Gained mutation: You have hidden genetic defects. [a
                  | shining eye]
 26256 | Slime:1  | Noticed an acid blob
 26263 | Slime:1  | Killed an acid blob
 26471 | Slime:2  | Noticed an acid blob
 26480 | Slime:2  | Paralysed by a formless jellyfish for 1 turns
 26480 | Slime:2  | HP: 4/85 [constriction (10)]
 26481 | Slime:2  | Constricted to death by a formless jellyfish
 26481 | Slime:2  | Lost a life (1 life remaining)
 26481 | Slime:2  | Killed an acid blob
 26724 | Slime:3  | Noticed an acid blob
 26735 | Slime:3  | Killed an acid blob
 26745 | Slime:3  | Gained mutation: You are clumsy. (Dex -2) [hidden defects]
 26746 | Slime:3  | Noticed an acid blob
 26750 | Slime:3  | Killed an acid blob
 26987 | Slime:4  | Noticed Dissolution
 26990 | Slime:4  | Paralysed by a formless jellyfish for 1 turns
 27004 | Slime:4  | Killed Dissolution
 27005 | Slime:4  | Reached skill level 16 in Necromancy
 27077 | Slime:4  | Gained mutation: Your magical capacity is low. (-10% MP)
                  | [hidden defects]
 27077 | Slime:4  | Lost mutation: You have hidden genetic defects. [hidden
                  | defects expressed]
 27345 | Slime:2  | Noticed an acid blob
 27350 | Slime:2  | Killed an acid blob
 27725 | Slime:5  | Entered Level 5 of the Pits of Slime
 27775 | Slime:5  | Gained mutation: You do not regenerate when monsters are
                  | visible. [a shining eye]
 27786 | Slime:5  | Lost mutation: You do not regenerate when monsters are
                  | visible. [potion of mutation]
 27786 | Slime:5  | Lost mutation: Your magical capacity is low. (-10% MP)
                  | [potion of mutation]
 27786 | Slime:5  | Lost mutation: You are clumsy. (Dex -2) [potion of
                  | mutation]
 27786 | Slime:5  | Gained mutation: Potions are less effective at restoring
                  | your health. [potion of mutation]
 27786 | Slime:5  | Gained mutation: You expend magic power (3 MP) to
                  | strengthen your wands. [potion of mutation]
 27786 | Slime:5  | Gained mutation: You are robust. (+10% HP) [potion of
                  | mutation]
 27789 | Slime:5  | Noticed an acid blob
 27826 | Slime:5  | Killed an acid blob
 27890 | Slime:5  | Reached XP level 17. HP: 97/97 MP: 24/34
 27890 | Slime:5  | Gained a life (2 lives remaining)
 27892 | Slime:5  | Reached skill level 17 in Necromancy
 27986 | Slime:5  | Noticed an acid blob
 27990 | Slime:5  | Killed an acid blob
 28070 | Slime:5  | Noticed an acid blob
 28070 | Slime:5  | Noticed an acid blob
 28075 | Slime:5  | Noticed an acid blob
 28077 | Slime:5  | Noticed an acid blob
 28077 | Slime:5  | Killed an acid blob
 28078 | Slime:5  | Noticed the Royal Jelly
 28113 | Slime:5  | Killed an acid blob
 28184 | Slime:5  | Found a viscous altar of Jiyva.
 28277 | Slime:5  | Fell from the grace of Kikubaaqudgha
 28277 | Slime:5  | Became a worshipper of Jiyva Jydwuab the Shapeless
 28280 | Slime:5  | Lost mutation: You are robust. (+10% HP) [potion of
                  | mutation]
 28280 | Slime:5  | Lost mutation: Potions are less effective at restoring your
                  | health. [potion of mutation]
 28280 | Slime:5  | Lost mutation: You expend magic power (3 MP) to strengthen
                  | your wands. [potion of mutation]
 28280 | Slime:5  | Gained mutation: You expend magic power (3 MP) to
                  | strengthen your wands. [potion of mutation]
 28280 | Slime:5  | Gained mutation: You occasionally lose the ability to drink
                  | potions when taking damage. [potion of mutation]
 28280 | Slime:5  | Gained mutation: Your spells are a little harder to cast,
                  | but a little more powerful. [potion of mutation]
 28704 | D:13     | Lost mutation: You expend magic power (3 MP) to strengthen
                  | your wands. [potion of mutation]
 28704 | D:13     | Lost mutation: You occasionally lose the ability to drink
                  | potions when taking damage. [potion of mutation]
 28704 | D:13     | Lost mutation: Your spells are a little harder to cast, but
                  | a little more powerful. [potion of mutation]
 28704 | D:13     | Gained mutation: You have very sharp fingernails. [potion
                  | of mutation]
 28704 | D:13     | Gained mutation: Your spells are a little harder to cast,
                  | but a little more powerful. [potion of mutation]
 28930 | D:13     | Found a transporter.
 29161 | D:13     | Reached * piety under Jiyva
 29332 | D:13     | Found a transporter.
 29340 | D:13     | Found a transporter.
 29596 | D:13     | Found a transporter.
 29784 | D:14     | Reached skill level 18 in Necromancy
 29823 | D:14     | Noticed Snorg
 29836 | D:14     | Killed Snorg
 29837 | D:14     | HP: 2/89 [centaur warrior/arrow (20)]
 29837 | D:14     | Shot with an arrow by a centaur warrior
 29837 | D:14     | Lost a life (1 life remaining)
 29966 | D:14     | Reached ** piety under Jiyva
 30113 | D:14     | Identified the ring of Circularity {*Slow rPois rN++ rCorr
                  | Str+6}
 30710 | D:14     | Reached *** piety under Jiyva
 30779 | D:14     | Found a gate to the Vaults.
 30971 | D:15     | Entered Level 15 of the Dungeon
 31189 | D:15     | Noticed Roxanne
 31198 | D:15     | Killed Roxanne
 31261 | D:15     | Reached **** piety under Jiyva
 31442 | D:15     | Reached skill level 19 in Necromancy
 31459 | D:15     | Found a staircase to the Depths.
 31896 | D:15     | Found a faded altar of an unknown god.
 31896 | D:15     | Found a faded altar of an unknown god.
 31901 | D:15     | Found a hazy altar of Hepliaklqana.
 32318 | Spider:1 | Entered Level 1 of the Spider Nest
 32530 | Spider:1 | Reached XP level 18. HP: 28/93 MP: 29/36
 32731 | Spider:1 | Reached ***** piety under Jiyva
 32848 | Spider:1 | Learned a level 5 spell: Borgnjor's Vile Clutch
 32892 | Spider:1 | Lost mutation: Your spells are a little harder to cast, but
                  | a little more powerful. [Jiyva's grace]
 32892 | Spider:1 | Gained mutation: You possess an exceptional clarity of
                  | mind. [Jiyva's grace]
 32892 | Spider:1 | Gained mutation: Your rubbery body absorbs attacks. (AC +1,
                  | EV +1) [Jiyva's grace]
 32892 | Spider:1 | Gained mutation: Your pliable body absorbs attacks. (AC +2,
                  | EV +2) [Jiyva's grace]
 32892 | Spider:1 | Gained mutation: Your gelatinous body deflects attacks. (AC
                  | +3, EV +3) [Jiyva's grace]
 33930 | Spider:2 | Reached skill level 20 in Necromancy
 35315 | Spider:3 | Noticed Donald
 35321 | Spider:3 | HP: 3/92 [tarantella (11)]
 35338 | Spider:3 | Killed Donald
 35349 | Spider:3 | HP: 4/93 [tarantella[a torpor snail] (14)]
 35354 | Spider:3 | Killed from afar by a meliai
 35354 | Spider:3 | Lost a life (0 lives remaining)
 35767 | Spider:3 | Reached skill level 21 in Necromancy
 35850 | Spider:3 | Found a large runed translucent door.
 35850 | Spider:3 | Found a large runed translucent door.
 35850 | Spider:3 | Noticed Oroqousi's ghost (adept GrEE)
 35904 | Spider:3 | Killed Oroqousi's ghost
 36217 | Spider:3 | Lost mutation: Your gelatinous body deflects attacks. (AC
                  | +3, EV +3) [Jiyva's grace]
 36217 | Spider:3 | Gained mutation: You have an increased reservoir of magic.
                  | (+10% MP) [Jiyva's grace]
 36217 | Spider:3 | Gained mutation: You have a considerably increased
                  | reservoir of magic. (+20% MP) [Jiyva's grace]
 36217 | Spider:3 | Gained mutation: You have a greatly increased reservoir of
                  | magic. (+30% MP) [Jiyva's grace]
 36217 | Spider:3 | Gained mutation: Your melee attacks may engulf your foes in
                  | ooze. [Jiyva's grace]
 36435 | Spider:4 | Entered Level 4 of the Spider Nest
 36435 | Spider:4 | Reached ****** piety under Jiyva
 36536 | Spider:4 | Demolished by a wolf spider

Illustrated notes

Levels and vault maps discovered:
D:1:      dpeg_arrival_oval, layout_basic, serial_glass, glass_columns_a,
          glass_columns_a, glass_columns_a, glass_columns_b, st_stairs_9
D:2:      layout_loops_corners
D:3:      layout_rooms, mainiacjoe_overflow_catwalk,
          pf_guarded_unrand_woodcutter
D:4:      layout_loops_ring, uniq_edmund, uniq_grinder
D:5:      layout_loops_cross, serial_library_hellmonk_long_bookcase
D:6:      layout_rooms
D:7:      layout_cave_pools, minmay_temple_entry_sparse_star, serial_gnoll_camp,
          gnoll_camp_medium_02, gnoll_camp_mini_doghouse, gnoll_camp_mini_house,
          gnoll_camp_mini_loothouse
D:8:      lemuel_ice_statue, layout_cave_pods, kennysheep_ying_yang,
          nemelex_xobeh_ov_fountains_minmay, serial_park_tiny_pond,
          dreamdust_deal_with_the_devil, uniq_joseph, uniq_jeremiah,
          uniq_gastronok, uniq_grum, uniq_pikel
D:9:      layout_irregular_city, gammafunk_temple_overflow_pools,
          lair_entry_dummy, kennysheep_orc_monster_closet_entryway,
          gammafunk_ghost_berserking_beasts
D:10:     layout_long_grid, xom_butterflies, enter_bailey_2
D:11:     layout_long_grid, serial_shops, shop, trove_entry_hex_spiral,
          nicolae_shop_fire_sale [nicolae_sub_dead_trees]
D:12:     layout_cave_pods, hangedman_abyss_or_decor_passed
D:13:     layout_stronghold, st_stairs_11, nicolae_transporter_intersection
D:14:     minmay_octagon_keep, layout_irregular_city, david_vaults_1,
          serial_bayou_pond_b, kennysheep_kite_vault, uniq_snorg
D:15:     hangedman_depths_entry_try_elsewhere_first, layout_basic,
          grunt_decor_mini_mirrors, grunt_ministairs_6, chequers_avenue,
          nicolae_hepliaklqana_ecumenical_no_more, uniq_roxanne
Temple:   nicolae_temple_superstar
Lair:1:   layout_small_grid, cheibrodos_lair_caveside_slide, lemuel_fruit_tree
Lair:2:   layout_layer_cave, minmay_shoals_entry_hut, basic_altar
Lair:3:   layout_chaotic_city, nicolae_spider_entry_lesser_pyramids,
          eino_house_with_fridge
Lair:4:   layout_regular_city, grunt_megastairs_1
Lair:5:   grunt_lair_end_beastmaster, layout_cave_pods,
          nicolae_slime_entry_field_trip
Spider:1: layout_spider_delve
Spider:2: layout_spider_delve
Spider:3: layout_cave_pods, ebering_ghost_disaster_area, uniq_donald
Spider:4: hellmonk_spider_rune_bug_friends
Slime:1:  layout_caves
Slime:2:  layout_caves
Slime:3:  layout_caves
Slime:4:  layout_caves, uniq_dissolution
Slime:5:  slime_pit_nicolae_inversion
Orc:1:    layout_diamond_mine, basic_altar, serial_shops, shop,
          nicolae_lakefront_shop, shop, kennysheep_orc_chapel
Orc:2:    st_orc_town, layout_caves, uniq_sonja

Skill      XL: |  1  2  3  4  5  6  7  8  9 10 11 12 13 14 15 16 17 18 |
---------------+-------------------------------------------------------+-----
Dodging        | 3 4 5 6 8 9 10 | 10.0
Stealth        | 3 4 5 6 7 8 9 10 | 10.0
Fighting       | 1 2 3 5 6 7 8 9 10 | 10.0
Spellcasting   | 3 4 5 6 7 8 9 10 11 12 13 14 | 14.0
Fire Magic     | 1 2 3 4 5 |  5.0
Summonings     | 5 6 7 8 9 10 11 12 13 14 | 14.0
Air Magic      | 1 3 4 5 6 7 |  7.0
Necromancy     | 3 5 7 9 11 14 16 19 21 | 21.2
Hexes          | 4 5 |  5.0

Action                     |  1- 3 |  4- 6 |  7- 9 | 10-12 | 13-15 | 16-18 || total
---------------------------+-------+-------+-------+-------+-------+-------++-------
  Melee: Unarmed           |    38 |    24 |    69 |    29 |    44 |    60 ||   264
         Bite              |     6 |     1 |    16 |     5 |     6 |     9 ||    43
         Punch             |     1 |       |       |     1 |       |     2 ||     4
   Cast: Summon Small Mamm |    34 |    24 |    59 |    31 |    74 |    20 ||   242
         Call Imp          |    13 |    20 |    44 |    19 |    29 |       ||   125
         Call Canine Famil |     4 |    14 |    27 |    17 |    22 |     5 ||    89
         Summon Blazeheart |       |     4 |    24 |    74 |    37 |    70 ||   209
         Summon Lightning  |       |       |    12 |    56 |    50 |    36 ||   154
         Animate Dead      |       |       |       |    15 |    21 |    33 ||    69
         Anguish           |       |       |       |    18 |   145 |   123 ||   286
         Haunt             |       |       |       |       |    10 |   119 ||   129
         Summon Cactus Gia |       |       |       |       |     8 |    54 ||    62
         Borgnjor's Vile C |       |       |       |       |       |     9 ||     9
 Invoke: Receive Forbidden |       |       |       |       |     1 |       ||     1
         Unearth Wretches  |       |       |       |       |     2 |    24 ||    26
         Oozemancy         |       |       |       |       |       |     1 ||     1
  Evoke: Wand              |       |       |     3 |     8 |     1 |     5 ||    17
         Sack of spiders   |       |       |       |       |     1 |     1 ||     2
         Phial of floods   |       |       |       |       |       |     1 ||     1
    Use: Potion            |     1 |     3 |     2 |     3 |     5 |    14 ||    28
         Scroll            |       |     2 |    12 |     6 |     2 |    11 ||    33
   Stab: Sleeping          |     6 |       |     1 |     3 |       |       ||    10
         Distracted        |       |       |       |     1 |     2 |     3 ||     6
         Paralysed         |       |       |       |       |     3 |     9 ||    12
 Armour: Skin              |    10 |    28 |    75 |    66 |    75 |   199 ||   453
  Dodge: Dodged            |    40 |    38 |   145 |   162 |   175 |   373 ||   933
   Form: Beast             |       |       |       |     1 |       |       ||     1

Table legend: (Time is in decaauts)
 A = Elapsed time spent in this place.
 B = Non-inter-level travel time spent in this place.
 C = Inter-level travel time spent in this place.
 D = Time resting spent in this place.
 E = Time spent auto-exploring this place.
 F = Levels seen in this place.
 G = Mean time per level.
                   A        B        C        D        E       F      G
               +--------+--------+--------+--------+--------+-----+--------+
         Total |  36543 |  34518 |   2025 |   5386 |  19162 |  33 | 1107.4 |
       Dungeon |  19749 |  18844 |    905 |   2909 |  11540 |  15 | 1316.6 |
        Temple |     14 |      7 |      7 |      0 |      0 |   1 |   14.0 |
          Lair |   7366 |   6849 |    517 |   1183 |   3972 |   5 | 1473.2 |
   Spider Nest |   4241 |   3885 |    356 |    492 |   2327 |   4 | 1060.2 |
    Slime Pits |   2267 |   2103 |    164 |    106 |    231 |   5 |  453.4 |
  Orcish Mines |   2167 |   2092 |     75 |    399 |   1002 |   2 | 1083.5 |
        Bailey |    737 |    737 |      0 |    295 |     90 |   1 |  737.0 |
               +--------+--------+--------+--------+--------+-----+--------+

Top non-repeatable levels by time:
  Lair:5: 2362 daAuts
Spider:2: 1884 daAuts
     D:5: 1844 daAuts
     D:8: 1807 daAuts
     D:4: 1738 daAuts
    D:11: 1707 daAuts
     D:2: 1671 daAuts
   Orc:2: 1507 daAuts
    D:12: 1487 daAuts
     D:9: 1350 daAuts
Spider:3: 1308 daAuts
  Lair:1: 1282 daAuts
  Lair:2: 1247 daAuts
  Lair:3: 1245 daAuts
     D:3: 1229 daAuts
